 Dungeon Crawl Stone Soup version 0.28-a0-697-g47f3eba (webtiles) character file.

Game seed: 3963765765387502449

22738 Geeful the Protected (level 12, -3/99 HPs)
             Began as a Demonspawn Monk on Oct 22, 2021.
             Was an Elder of Fedhas.
             Succumbed to a swamp dragon's poison gas
             ... on level 2 of the Lair of Beasts on Oct 23, 2021.
             The game lasted 00:49:13 (17201 turns).

Geeful the Protected (Demonspawn Monk)             Turns: 17201, Time: 00:49:13

Health: -3/99      AC: 32    Str: 18    XL:     12   Next: 65%
Magic:  19/19      EV: 11    Int: 11    God:    Fedhas [****..]
Gold:   844        SH:  0    Dex: 15    Spells: 11/11 levels left

rFire   . . .      SeeInvis .     - Unarmed
rCold   + . .      Faith    .   (no shield)
rNeg    . . .      Spirit   .   z - +3 chain mail
rPois   .          Reflect  .   (no helmet)
rElec   .          Harm     .   b - +2 cloak
rCorr   .          Rampage  +   (no gloves)
Will    .....                   i - +0 pair of boots {rampage}
Stlth   ..........              (no amulet)
HPRegen 0.26/turn               a - ring of protection from cold
MPRegen 0.16/turn               h - +4 ring of protection

@: lethally poisoned (-3 -> -17), sanguine armoured, studying Armour
A: hooves 2, foul stench 2, spiny 2, sanguine armour 2
a: Renounce Religion, Wall of Briars, Grow Ballistomycete, Overgrow


You were on level 2 of the Lair of Beasts.
You worshipped Fedhas.
Fedhas was greatly pleased with you.
You visited 3 branches of the dungeon, and saw 14 of its levels.

You collected 844 gold pieces.

Inventory:

Missiles
 g - 34 poisoned darts (quivered)
 q - 3 curare-tipped darts
 v - 4 throwing nets
Armour
 b - a +2 cloak (worn)
 i - a +0 pair of boots of rampaging (worn)
 o - a +0 kite shield
 p - +0 acid dragon scales
 y - a +0 plate armour of fire resistance
 z - a +3 chain mail (worn)
Jewellery
 a - a ring of protection from cold (left hand)
 f - a ring of fire
 h - a +4 ring of protection (right hand)
Wands
 s - a wand of charming (1)
 t - a wand of digging (7)
 w - a wand of iceblast (13)
 x - a wand of polymorph (7)
 B - a wand of flame (10)
Scrolls
 e - a scroll of teleportation
 l - a scroll of enchant weapon
 r - a scroll of amnesia
 A - 2 scrolls of identify
 C - 2 scrolls of enchant armour
 E - a scroll of magic mapping
Potions
 c - 3 potions of flight
 d - 4 potions of brilliance
 j - 2 potions of might
 k - a potion of magic
 m - 2 potions of attraction
 n - a potion of invisibility
 D - 2 potions of haste


   Skills:
 + Level 10.6 Fighting
 + Level 10.8 Armour
 + Level 9.7 Dodging
 - Level 1.7 Stealth
 + Level 9.7 Unarmed Combat
 + Level 10.0 Invocations


You had 11 spell levels left.
You didn't know any spells.
Your spell library contained the following spells:

 Spells                   Type           Power      Damage    Failure   Level
 Blink                    Tloc           N/A        N/A       99%         2
 Scorch                   Fire           0%         2d5       99%         2
 Gell's Gravitas          Tloc           0%         N/A       100%        3
 Lesser Beckoning         Tloc           0%         N/A       100%        3
 Teleport Other           Tloc           0%         N/A       100%        3
 Airstrike                Air            0%         N/A       100%        4
 Flame Wave               Conj/Fire      0%         3d3       100%        4
 Summon Lightning Spire   Summ/Air       0%         N/A       100%        4
 Lightning Bolt           Conj/Air       0%         1d11      100%        5
 Manifold Assault         Tloc           0%         N/A       100%        5
 Dispersal                Tloc           0%         N/A       100%        6
 Summon Cactus Giant      Summ           0%         N/A       100%        6
 Disjunction              Tloc           0%         N/A       100%        8


Dungeon Overview and Level Annotations

Branches:
Dungeon (10/15)            Temple (1/1) D:4            Lair (3/6) D:9
  Swamp (0/4) Lair:3        Snake (0/4) Lair:2          Orc (0/2) D:9

Altars:
Ashenzari
Cheibriados
Dithmenos
Elyvilon
Fedhas
Gozag
Hepliaklqana
Kikubaaqudgha
Makhleb
Nemelex Xobeh
Okawaru
Qazlal
Ru
Sif Muna
Trog
Uskayaw
Vehumet
Wu Jian
Xom
Yredelemnul
Zin
The Shining One

Shops:
D:6 *

Annotations:
D:5 3 runed translucent doors, Dega's ghost, amateur DsFi
D:7 3 runed translucent doors, exclusion: downstairs, Dazed's ghost, novice MiFi; Dega's ghost, novice DsFi; Kave's ghost, novice TrTm; edsrzf's ghost, novice DjWz; kinikunnakayama's ghost, novice DEEE
Lair:2 1 runed translucent door, exclusion: downstairs, Nomet's ghost, journeyman DrFE


Innate Abilities, Weirdness & Mutations

You have hoof-like feet.
You sometimes emit foul miasma when damaged in melee.
You are mostly covered in sharp spines.
When seriously injured, your bleeding wounds create thick armour. (AC +9)


Message History

You feel extremely sick.
The iguana is engulfed in poison gas.
The iguana looks even sicker.
The iguana closely misses you.
The swamp dragon breathes poison at you.
The blast of poison engulfs you!
You are more poisoned.
You are engulfed in poison gas.
You are lethally poisoned!
You feel extremely sick. The cane toad barely misses you.
The iguana looks even sicker.
You are engulfed in poison gas.
You are more poisoned.
* * * LOW HITPOINT WARNING * * *
x2 You feel extremely sick.
The iguana dies!
The cane toad is struck by your spines. The cane toad barely misses you.
* * * LOW HITPOINT WARNING * * *
You feel extremely sick.
You feel much better.
* * * LOW HITPOINT WARNING * * *
You feel extremely sick. The cane toad barely misses you.
* * * LOW HITPOINT WARNING * * *
You feel extremely sick.
* * * LOW HITPOINT WARNING * * *
You feel very sick.
There is a stone staircase leading up here.
* * * LOW HITPOINT WARNING * * *
You feel very sick. The cane toad stings you!
* * * LOW HITPOINT WARNING * * *
You emit a cloud of foul miasma!
The swamp dragon breathes poison at you.
The blast of poison misses you.
The cane toad is engulfed in dark miasma.
The cane toad is poisoned.
The cane toad seems to slow down.
The cane toad stings you but does no damage.
You climb upwards.
Level annotation: 1 runed translucent door, exclusion: downstairs, Nomet's ghost, journeyman DrFE You die...
Fedhas appreciates your contribution to the ecosystem.

#.................
#.....####.......รท
##.....##.####..#..
#P....#..####.#####
##............##
#..............# #
##............## #
#DF.#.P.###.## #
#@..#.#.# ### #
#...#######.### #
##.............# #
#.............## #
##.............# ##
#....####.###P####.
##...# ### #####P.
#....# ########PP..
##...###.##.#P.....


You could see a swamp dragon (catching breath) and a cane toad (poisoned, slow).

Vanquished Creatures
  Fannar (Lair:1)
  A catoblepas (Lair:1)
  A boulder beetle (D:10)
  Harold (D:8)
  Erica (Lair:2)
  2 two-headed ogres
  4 death yaks
  Pikel (D:9)
  A harpy (shapeshifter) (D:10)
  5 black mambas
  6 elephants
  A black mamba (shapeshifter) (D:10)
  4 cane toads
  Maggie (D:6)
  A komodo dragon (Lair:1)
  A meliai (D:10)
  2 trolls (D:10)
  2 hornets
  A centaur simulacrum (D:10)
  10 yaks
  Sigmund (D:4)
  3 basilisks
  2 wyverns (D:9)
  A steam dragon (D:8)
  A warg (D:9)
  16 water moccasins
  2 orc warriors
  2 sky beasts
  A necrophage (D:5)
  2 ice beasts (D:5)
  2 black bears
  5 ogres
  11 wolves
  3 centaurs (D:9)
  2 lemures (D:9)
  A kobold brigand (D:10)
  4 bullfrogs
  A gnoll sergeant (D:9)
  A scorpion (D:5)
  A wyvern zombie (D:7)
  A water moccasin zombie (D:5)
  5 killer bees (D:5)
  A water moccasin skeleton (D:4)
  4 wights (D:6)
  A howler monkey (D:7)
  A bullfrog zombie (D:5)
  A centaur skeleton (D:7)
  3 jellies
  3 centaur zombies
  An orc priest (D:5)
  Crazy Yiuf (D:2)
  A bullfrog skeleton (D:5)
  An iguana (Lair:3)
  6 orc wizards
  A hound skeleton (D:4)
  2 howler monkey zombies
  8 gnolls
  5 adders
  5 shadow imps
  A white imp (D:7)
  An ufetubus (D:7)
  An adder zombie (D:5)
  4 worms
  4 dart slugs
  23 orcs
  12 ball pythons
  5 endoplasms
  3 giant cockroaches
  10 goblins
  17 hobgoblins
  4 jackals
  2 quokkas
  4 bats
  3 frilled lizards
  18 kobolds
  6 rats
278 creatures vanquished.

Vanquished Creatures (collateral kills)
  13 ballistomycete spores
13 creatures vanquished.

Vanquished Creatures (others)
  An iguana (Lair:3)
  A ballistomycete spore (Lair:1)
  11 fungi
  23 plants
36 creatures vanquished.

Grand Total: 327 creatures vanquished

Notes
Turn   | Place    | Note
-------+----------+-------------------------------------------
     0 | D:1      | Geeful the Demonspawn Monk began the quest for the Orb.
     0 | D:1      | Reached XP level 1. HP: 18/18 MP: 1/1
   235 | D:1      | Gained mutation: You have large cloven feet. [demonic
                  | ancestry]
   235 | D:1      | Reached XP level 2. HP: 8/24 MP: 2/2
   786 | D:1      | Reached skill level 1 in Armour
   953 | D:1      | Gained mutation: You may rarely emit foul miasma when
                  | damaged in melee. [demonic ancestry]
   953 | D:1      | Reached XP level 3. HP: 14/29 MP: 3/3
  1198 | D:2      | Found a faded altar of an unknown god.
  1679 | D:2      | Found a runed translucent door.
  1680 | D:2      | Noticed Crazy Yiuf
  1689 | D:2      | Killed Crazy Yiuf
  1690 | D:2      | Gained mutation: You are partially covered in sharp spines.
                  | [demonic ancestry]
  1690 | D:2      | Reached XP level 4. HP: 9/36 MP: 4/4
  3394 | D:3      | Gained mutation: When seriously injured, your bleeding
                  | wounds create armour. (AC +9) [demonic ancestry]
  3394 | D:3      | Reached XP level 5. HP: 21/42 MP: 5/5
  4158 | D:4      | Found a staircase to the Ecumenical Temple.
  4171 | Temple   | Entered the Ecumenical Temple
  4356 | Temple   | Became a worshipper of Fedhas Madash
  4356 | Temple   | Reached * piety under Fedhas
  4356 | Temple   | Reached ** piety under Fedhas
  4526 | D:4      | Noticed Sigmund
  4532 | D:4      | Killed Sigmund
  4533 | D:4      | Reached XP level 6. HP: 49/49 MP: 2/6
  5168 | D:5      | Entered Level 5 of the Dungeon
  5174 | D:5      | Found a runed translucent gate.
  5174 | D:5      | Found a runed translucent gate.
  5174 | D:5      | Found a runed translucent gate.
  5174 | D:5      | Noticed Dega's ghost (amateur DsFi)
  5194 | D:5      | Gained mutation: You sometimes emit foul miasma when
                  | damaged in melee. [demonic ancestry]
  5194 | D:5      | Reached XP level 7. HP: 55/55 MP: 7/7
  5339 | D:5      | Found a basalt altar of Yredelemnul.
  5351 | D:5      | Reached skill level 5 in Fighting
  6102 | D:5      | Reached skill level 5 in Dodging
  6102 | D:5      | Reached skill level 5 in Unarmed Combat
  6102 | D:5      | Reached XP level 8. HP: 52/63 MP: 8/8
  6641 | D:6      | Found Ugenocec's Lightly-Used Armoury.
  6653 | D:6      | Reached *** piety under Fedhas
  7028 | D:6      | Noticed Maggie
  7046 | D:6      | Killed Maggie
  7047 | D:6      | Reached skill level 5 in Armour
  7236 | D:6      | Gained mutation: You are mostly covered in sharp spines.
                  | [demonic ancestry]
  7236 | D:6      | Reached XP level 9. HP: 71/71 MP: 9/9
  7469 | D:6      | Identified a scroll of acquirement
  7469 | D:6      | Acquired a +4 ring of protection
  8372 | D:7      | Found a runed translucent gate.
  8372 | D:7      | Found a runed translucent gate.
  8372 | D:7      | Found a runed translucent gate.
  8373 | D:7      | Noticed edsrzf's ghost (novice DjWz)
  8373 | D:7      | Noticed Kave's ghost (novice TrTm)
  8374 | D:7      | Noticed Dega's ghost (novice DsFi)
  8374 | D:7      | Noticed kinikunnakayama's ghost (novice DEEE)
  8374 | D:7      | Noticed Dazed's ghost (novice MiFi)
  8520 | D:7      | Reached skill level 1 in Invocations
  8614 | D:7      | Found an iron altar of Okawaru.
  8723 | D:7      | Upgraded the game from 0.28-a0-695-gff09746 to
                  | 0.28-a0-697-g47f3eba
  8904 | D:7      | Reached **** piety under Fedhas
  9053 | D:8      | Noticed Harold
  9070 | D:8      | Killed Harold
  9090 | D:8      | Found an opulent altar of Gozag.
  9684 | D:8      | Paralysed by a hornet for 3 turns
  9691 | D:8      | Gained mutation: When seriously injured, your bleeding
                  | wounds create thick armour. (AC +9) [demonic ancestry]
  9691 | D:8      | Reached XP level 10. HP: 38/80 MP: 12/12
 10246 | D:9      | Identified the +8 rapier "Ciaget" {venom, rPois rN+}
 10483 | D:9      | Found a shimmering altar of Xom.
 10511 | D:9      | Noticed an elephant
 10544 | D:9      | Killed an elephant
 10550 | D:9      | Reached skill level 5 in Invocations
 10761 | D:9      | Found a staircase to the Lair.
 11023 | D:9      | Noticed Pikel
 11061 | D:9      | Killed Pikel
 11306 | D:9      | Noticed a two-headed ogre
 11370 | D:9      | Killed a two-headed ogre
 11384 | D:9      | Found a staircase to the Orcish Mines.
 11507 | D:9      | Acquired a manual of Armour
 11988 | D:10     | Entered Level 10 of the Dungeon
 12031 | D:10     | Noticed a two-headed ogre
 12048 | D:10     | Killed a two-headed ogre
 12049 | D:10     | Gained mutation: You have hoof-like feet. [demonic
                  | ancestry]
 12049 | D:10     | Reached XP level 11. HP: 42/87 MP: 8/15
 12520 | D:10     | Noticed a harpy
 12532 | D:10     | Killed a harpy
 12628 | D:10     | Noticed a six-headed hydra
 12633 | D:10     | Identified the +1 robe "Qiany" {rC+++ Str+4}
 12633 | D:10     | Noticed a rakshasa
 12636 | D:10     | Noticed a boulder beetle
 12646 | D:10     | Killed a boulder beetle
 12660 | D:10     | Found a shadowy altar of Dithmenos.
 13238 | Lair:1   | Entered Level 1 of the Lair of Beasts
 13239 | Lair:1   | Identified the +5 war axe of Megalomania {freeze, Dex+4}
 13402 | Lair:1   | Noticed Fannar
 13418 | Lair:1   | HP: 3/89 [Fannar (6)]
 13426 | Lair:1   | Killed Fannar
 13744 | Lair:1   | Identified the +1 ring mail "Giuwkit" {rElec rN++ Str-4
                  | Dex+3}
 13858 | Lair:1   | Noticed a catoblepas
 13880 | Lair:1   | Killed a catoblepas
 14963 | Lair:2   | Noticed Erica
 14973 | Lair:2   | Killed Erica
 14990 | Lair:2   | Reached XP level 12. HP: 16/97 MP: 16/18
 14996 | Lair:2   | HP: 5/145 [water moccasin (3)]
 15007 | Lair:2   | HP: 7/145 [water moccasin (2)]
 15521 | Lair:2   | Found a staircase to the Snake Pit.
 15531 | Lair:2   | Reached skill level 10 in Fighting
 15693 | Lair:2   | Found a runed translucent door.
 15698 | Lair:2   | Noticed Nomet's ghost (journeyman DrFE)
 16228 | Lair:3   | Noticed a death yak
 16243 | Lair:2   | Reached skill level 10 in Armour
 16300 | Lair:3   | Noticed a death yak
 16301 | Lair:3   | Noticed a death yak
 16302 | Lair:3   | Noticed a death yak
 16312 | Lair:2   | Killed a death yak
 16547 | Lair:2   | Killed a death yak
 16680 | Lair:2   | Killed a death yak
 16829 | Lair:3   | Killed a death yak
 16970 | Lair:3   | Reached skill level 10 in Invocations
 17185 | Lair:3   | Found a staircase to the Swamp.
 17200 | Lair:3   | HP: 2/99 [cane toad (7)]
 17201 | Lair:2   | Succumbed to a swamp dragon's poison gas

Illustrated notes

Levels and vault maps discovered:
D:1:      roderic_chinese_lattice_arrival, layout_basic, serial_bayou_pond_b
D:2:      layout_basic, chequers_ecumenical_altar_simple_redux,
          minmay_goblin_kobold_house, uniq_crazy_yiuf_cottage
D:3:      minmay_thinvault, layout_loops_ring, minmay_misc_feat_cross,
          small_statue_intersection
D:4:      layout_basic, minmay_temple_entry_overgrown,
          hangedman_decor_peaks_small, chequers_serial_rivers_large_a,
          nrook_campfire, uniq_sigmund
D:5:      layout_gridville, nicolae_yredelemnul_ghost_church
D:6:      layout_basic, dk_noncrumbling_2, st_stairs_3, minmay_shop_damaged,
          minmay_misc_feat_x, uniq_maggie
D:7:      layout_basic, okawaru_ov_weapons_minmay, gammafunk_ghost_cemetery
D:8:      layout_cave_pods, chequers_temple_overflow_statue_of_worship,
          uniq_harold
D:9:      layout_loops_ring, nicolae_overflow_crystal_walls, david_lair_generic,
          david_orc_3, uniq_pikel
D:10:     hangedman_cross_veins, layout_basic,
          grunt_dithmenos_smoke_and_mirrors, centaur_isle
Temple:   eino_temple_scatter_basement
Lair:1:   layout_cave_pods, serial_bayou_shore_b, lemuel_fruit_tree, uniq_fannar
Lair:2:   layout_long_grid, minmay_snake_entry_six_corridors,
          ebering_ghost_reflecting_pool, uniq_erica
Lair:3:   layout_misc_corridors, minmay_swamp_entry_reptiles

Skill      XL: |  1  2  3  4  5  6  7  8  9 10 11 12 |
---------------+-------------------------------------+-----
Armour         | 1 2 3 4 5 6 7 9 10 | 10.8
Dodging        | 3 4 5 6 7 8 9 |  9.7
Unarmed Combat | 3 4 5 6 7 8 9 |  9.7
Fighting       | 4 5 6 7 8 9 10 | 10.6
Invocations    | 3 6 8 10 | 10.0
Stealth        | |  1.7

Action                   |  1- 3 |  4- 6 |  7- 9 | 10-12 || total
-------------------------+-------+-------+-------+-------++-------
Melee: Unarmed           |   115 |   142 |   247 |   442 ||   946
       Kick              |    24 |    45 |    86 |    93 ||   248
       Punch             |       |     4 |    10 |    21 ||    35
Throw: Dart              |       |     3 |    20 |     8 ||    31
Invok: Wall of Briars    |       |     1 |       |       ||     1
       Grow Ballistomyce |       |       |       |     8 ||     8
Evoke: Wand              |       |       |     4 |    10 ||    14
  Use: Scroll            |     5 |     7 |     9 |     9 ||    30
       Potion            |     1 |       |       |     6 ||     7
 Stab: Sleeping          |     4 |     8 |       |       ||    12
       Distracted        |       |       |     1 |       ||     1
Armor: Robe              |     8 |     9 |       |       ||    17
       Leather armour    |       |    17 |       |       ||    17
       Scale mail        |       |       |    37 |       ||    37
       Acid dragon scale |       |       |    48 |       ||    48
       Chain mail        |       |       |       |   311 ||   311
       Skin              |       |       |       |     7 ||     7
Dodge: Dodged            |    53 |    65 |   145 |   207 ||   470

Table legend: (Time is in decaauts)
 A = Elapsed time spent in this place.
 B = Non-inter-level travel time spent in this place.
 C = Inter-level travel time spent in this place.
 D = Time resting spent in this place.
 E = Time spent auto-exploring this place.
 F = Levels seen in this place.
 G = Mean time per level.
                   A        B        C        D        E       F      G
               +--------+--------+--------+--------+--------+-----+--------+
         Total |  17132 |  16645 |    487 |    580 |  13230 |  14 | 1223.7 |
       Dungeon |  12993 |  12604 |    389 |     40 |  10426 |  10 | 1299.3 |
        Temple |    203 |    186 |     17 |      0 |      0 |   1 |  203.0 |
          Lair |   3934 |   3853 |     81 |    540 |   2804 |   3 | 1311.3 |
               +--------+--------+--------+--------+--------+-----+--------+

Top non-repeatable levels by time:
  Lair:2: 1793 daAuts
     D:9: 1761 daAuts
  Lair:1: 1681 daAuts
     D:5: 1465 daAuts
     D:2: 1456 daAuts
     D:3: 1414 daAuts
     D:6: 1344 daAuts
    D:10: 1225 daAuts
     D:7: 1187 daAuts
     D:1: 1186 daAuts
     D:8: 1051 daAuts
     D:4: 899 daAuts
  Lair:3: 459 daAuts
  Temple: 203 daAuts
